 Dungeon Crawl Stone Soup version 0.31.0-1-g2c135a0 (webtiles) character file.

Game seed: 7045538423125292450

29 malcoda the Trooper (level 3, -1/51 HPs)
             Began as a Naga Berserker on Mar 14, 2024.
             Was a Believer of Trog.
             Slain by an orc wizard
             ... wielding a +2 dagger of electrocution
              (2 damage)
             ... on level 2 of the Dungeon.
             The game lasted 00:03:05 (890 turns).

malcoda the Trooper (Naga Berserker)                 Turns: 890, Time: 00:03:05

Health: -1/51      AC:  2    Str: 19    XL:     3   Next: 16%
Magic:  3/3        EV: 10    Int:  9    God:    Trog [**....]
Gold:   25         SH:  0    Dex: 10    Spells: 2/2 levels left

rFire   . . .        a - +0 hand axe
rCold   . . .        (no shield)
rNeg    . . .        b - +0 animal skin
rPois   +            (no helmet)
rElec   .            (no cloak)
rCorr   .            (no gloves)
SInv    +            (no barding)
Will    .....        (no amulet) Stlth
                     (no ring)
HPRegen 0.28/turn    (no ring)
MPRegen 0.08/turn

%: no passive effects
@: berserking (expiring), quick
A: AC +1, large, see invisible, deformed body, poison resistance, slowness 2,
spit poison 1, naga tail 1
a: Spit Poison, Renounce Religion, Berserk, Trog's Hand


You were on level 2 of the Dungeon.
You worshipped Trog.
Trog was pleased with you.
You visited 1 branch of the dungeon, and saw 2 of its levels.

You collected 25 gold pieces.

Inventory:

Hand Weapons
 a - a +0 hand axe (weapon)
Armour
 b - a +0 animal skin (worn)
Scrolls
 c - a scroll of identify {unknown}
 d - a scroll of noise {unknown}
 g - a scroll of amnesia {unknown}
Potions
 e - a potion of brilliance {unknown}
 f - a potion of ambrosia {unknown}
 h - a potion of haste {unknown}


   Skills:
 + Level 3.5 Fighting
 + Level 3.3 Axes
 + Level 1.8 Armour
 + Level 1.9 Dodging


You had 2 spell levels left.
You didn't know any spells.
Your spell library was empty.

Dungeon Overview and Level Annotations

Branches:
Dungeon (2/15)

Altars:


Innate Abilities, Weirdness & Mutations

Your serpentine skin is tough. (AC +1)
You have supernaturally acute eyesight. (SInv)
Armour fits poorly on your strangely shaped body.
Your system is resistant to poisons. (rPois)
You cover ground very slowly.
You can spit poison.
You have a snake-like lower body.


Message History

You see here a hobgoblin corpse.
Aiming: Spit Poison (2% risk of failure)
Press: ? - help, Shift-Dir - straight line, f - orc
Aim: an orc, wielding a +0 hand axe (59% to hit)
The splash of poison misses the orc.
The splash of poison misses the orc wizard.
The orc wizard gestures at you while chanting.
You resist with some effort.
You hit the orc.
The orc is heavily wounded.
The orc hits you with a +0 hand axe. x2
A red film seems to cover your vision as you go berserk!
You feel yourself moving faster!
You feel mighty!
The orc wizard mumbles some strange words.
The orc wizard flickers and vanishes for a moment.
The orc misses you.
You slash the orc!
You kill the orc!
Trog accepts your kill.
You have got your breath back.
The orc wizard hits you but does no damage.
You closely miss the orc wizard.
The orc wizard hits you with a +2 dagger of electrocution.
You are electrocuted!!
* * * LOW HITPOINT WARNING * * *
You closely miss the orc wizard.
The orc wizard points at you and mumbles some strange words.
The puff of flame hits you.
* * * LOW HITPOINT WARNING * * *
You hit the orc wizard.
The orc wizard is moderately wounded.
You slash the orc wizard!
The orc wizard is severely wounded.
The orc wizard casts a spell at you. The puff of flame hits you!
* * * LOW HITPOINT WARNING * * *
You hit the orc wizard.
The orc wizard is almost dead.
The orc wizard hits you with a +2 dagger of electrocution.
You die...

#. .# .. ###.
.... ####..###
.....>..#
#######..
#..o@###........
#...).†.........
#..#.###.#####..
#..#.# #.##.##
#..#.###†#...##
#.............#
##.#.###.#...##
..#.##...#.##
.......#...#


You could see an orc wizard (invisible).

Vanquished Creatures
  An orc (D:2)
  2 bats (D:1)
  An endoplasm (D:1)
  A giant cockroach (D:2)
  3 goblins (D:1)
  4 hobgoblins
  2 kobolds (D:1)
  2 quokkas
  A ball python (D:1)
  4 frilled lizards (D:1)
  5 rats
26 creatures vanquished.

Notes
Turn   | Place    | Note
-------+----------+-------------------------------------------
     0 | D:1      | malcoda the Naga Berserker began the quest for the Orb.
     0 | D:1      | Reached XP level 1. HP: 21/21 MP: 1/1
   261 | D:1      | Reached XP level 2. HP: 24/28 MP: 2/2
   681 | D:1      | Reached ** piety under Trog
   847 | D:2      | Reached XP level 3. HP: 34/34 MP: 3/3
   889 | D:2      | HP: 1/51 [orc wizard/puff of flame (7)]
   890 | D:2      | Slain by an orc wizard

Illustrated notes

Levels and vault maps discovered:
D:1:      dpeg_arrival_oval, layout_basic
D:2:      layout_loops_ring

Action                     || total
---------------------------++-------
  Melee: Hand axe          ||    52
 Invoke: Berserk           ||     1
Ability: Spit Poison       ||    14
   Stab: Sleeping          ||     1
 Armour: Animal skin       ||    36
  Dodge: Dodged            ||    15
